 Dungeon Crawl Stone Soup version 0.28-a0-1555-g9ae15a6949 (webtiles) character file.

Game seed: 2071660393277584118

1914 Sweetruy1997 the Cleaver (level 9, -6/71 HPs)
             Began as a Hill Orc Monk on Jan 19, 2022.
             Shot with an arrow by a centaur (9 damage)
             ... on level 6 of the Dungeon.
             The game lasted 00:16:19 (7524 turns).

Sweetruy1997 the Cleaver (Hill Orc Monk)            Turns: 7524, Time: 00:16:20

Health: -6/71      AC: 14    Str: 14    XL:     9   Next: 16%
Magic:  10/14      EV: 30    Int: 10    God:
Gold:   311        SH:  0    Dex: 17    Spells: 11/15 levels left

rFire   + . .      SeeInvis .   q - +2 hand axe (venom)
rCold   . . .      Faith    .   (no shield)
rNeg    . . .      Spirit   .   t - +2 ring mail {rF+}
rPois   .          Reflect  .   o - +0 helmet
rElec   .          Harm     .   s - +0 cloak
rCorr   .          Rampage  .   (no gloves)
Will    .....                   k - +0 pair of boots
Stlth   +.........              w - amulet of the acrobat
HPRegen 0.21/turn               h - +4 ring of evasion
MPRegen 0.14/turn               d - +4 ring of protection

@: acrobatic
A: no striking features
a: no special abilities


You were on level 6 of the Dungeon.
You visited 1 branch of the dungeon, and saw 6 of its levels.

You collected 311 gold pieces.

Inventory:

Hand Weapons
 q - a +2 hand axe of venom (weapon)
Armour
 k - a +0 pair of boots (worn)
 o - a +0 helmet (worn)
 s - a +0 cloak (worn)
 t - a +2 ring mail of fire resistance (worn)
Jewellery
 d - a +4 ring of protection (right hand)
 h - a +4 ring of evasion (left hand)
 w - an amulet of the acrobat (around neck)
Wands
 a - a wand of acid (7)
 v - a wand of flame (25)
Scrolls
 b - a scroll of fear
 c - 2 scrolls of teleportation
 e - a scroll of enchant weapon {unknown}
 g - a scroll of fog {unknown}
 l - a scroll of blinking {unknown}
 m - 2 scrolls of magic mapping
 u - a scroll of silence {unknown}
Potions
 f - a potion of heal wounds {unknown}
 i - 3 potions of curing
 j - 2 potions of brilliance
 n - a potion of degeneration {unknown}
 p - a potion of attraction {unknown}
 r - 2 potions of might


   Skills:
 - Level 4.0 Fighting
 + Level 10.7 Axes
 + Level 2.6 Throwing
 + Level 1.7 Armour
 - Level 3.0 Dodging
 - Level 2.0 Stealth
 + Level 3.7 Spellcasting
 + Level 3.5 Conjurations
 + Level 2.9 Summonings
 - Level 1.0 Evocations


You had 11 spell levels left.
You knew the following spells:

 Your Spells              Type           Power      Damage    Failure   Level
a - Magic Dart            Conj           32%        1d4       12%         1
b - Summon Small Mammal   Summ           28%        N/A       16%         1
c - Call Imp              Summ           7%         N/A       24%         2

Your spell library contained the following spells:

 Spells                   Type           Power      Damage    Failure   Level
 Foxfire                  Conj/Fire      20%        2x1d5     26%         1
 Call Canine Familiar     Summ           7%         N/A       43%         3
 Conjure Flame            Conj/Fire      5%         6-21      58%         3
 Blink                    Tloc           2%         N/A       61%         2
 Summon Guardian Golem    Hex/Summ       4%         N/A       65%         3
 Mephitic Cloud           Conj/Pois/Air  4%         N/A       67%         3
 Inner Flame              Hex/Fire       1%         N/A       83%         3
 Flame Wave               Conj/Fire      5%         2d4       94%         4
 Manifold Assault         Tloc           1%         N/A       100%        5
 Storm Form               Tmut/Air       0%         N/A       100%        7


Dungeon Overview and Level Annotations

Branches:
Dungeon (6/15)             Temple (0/1) D:6

Altars:


Message History

The arrow hits you.
The centaur shoots an arrow.
The arrow misses you.
The centaur shoots an arrow.
The arrow completely misses you.
The centaur shoots an arrow.
The arrow completely misses you.
The centaur shoots an arrow.
The arrow hits you!
The centaur shoots an arrow.
The arrow closely misses you.
The centaur shoots an arrow.
The arrow closely misses you.
The centaur shoots an arrow.
The arrow closely misses you.
The centaur shoots an arrow.
The arrow completely misses you.
The centaur shoots an arrow.
The arrow closely misses you.
The centaur shoots an arrow.
The arrow misses you.
The centaur shoots an arrow.
The arrow hits you.
Your magical contamination has completely faded away.
Aiming: Corrosive Bolt
Press: ? - help, Shift-Dir - straight line, f/p - centaur
Aim: a centaur, wielding a +0 shortbow and quivering arrows (lightly wounded, 83% to hit)
The bolt of acid hits the centaur!
The acid corrodes the centaur!
The centaur is severely wounded.
The centaur shoots an arrow.
The arrow hits you but does no damage.
The centaur shoots an arrow.
The arrow hits you!
The centaur shoots an arrow.
The arrow completely misses you.
The centaur shoots an arrow.
The arrow hits you but does no damage.
Unknown command.
Unknown command.
The centaur shoots an arrow.
The arrow hits you.
* * * LOW HITPOINT WARNING * * *
The centaur shoots an arrow.
The arrow hits you but does no damage.
The centaur shoots an arrow.
The arrow completely misses you.
The centaur shoots an arrow.
The arrow completely misses you.
The centaur shoots an arrow.
The arrow hits you but does no damage.
The centaur shoots an arrow.
The arrow completely misses you.
The centaur shoots an arrow.
The arrow closely misses you.
The centaur shoots an arrow.
The arrow hits you.
* * * LOW HITPOINT WARNING * * *
The centaur shoots an arrow.
The arrow hits you!
* * * LOW HITPOINT WARNING * * *
The centaur shoots an arrow.
The arrow hits you.
* * * LOW HITPOINT WARNING * * *
The centaur shoots an arrow.
The arrow closely misses you.
The centaur shoots an arrow.
The arrow hits you!
You die...

##≈≈≈≈≈≈≈≈
#≈≈≈≈≈≈≈≈≈≈..#'#...≈≈≈≈
#≈≈≈≈≈≈≈≈≈≈...?....≈≈≈≈
#≈≈≈≈≈≈≈≈≈≈≈cccc..≈≈≈≈≈
#≈≈≈≈≈≈≈≈≈≈≈≈≈cc≈≈≈≈≈≈≈
#≈≈≈≈≈≈≈≈≈≈≈≈≈≈≈≈≈≈≈
##..#≈≈≈≈≈≈≈≈≈≈≈≈≈≈≈
........5≈≈≈≈≈≈≈≈###.#
..........≈≈≈≈..@....#
#########......#######
########


You could see 6 centaurs.

Vanquished Creatures
  Pikel (D:5)
  A water moccasin (D:6)
  An ice beast (D:5)
  A sky beast (D:5)
  A necrophage (D:6)
  4 lemures (D:5)
  Blork the orc (D:5)
  A bullfrog (D:4)
  3 scorpions
  A wyvern skeleton (D:5)
  3 centaur zombies
  2 hounds
  A jelly (D:6)
  2 centaur skeletons
  Jessica (D:3)
  Ijyb (D:5)
  6 iguanas
  A hound skeleton (D:5)
  7 gnolls
  9 adders
  A howler monkey skeleton (D:4)
  A shadow imp (D:6)
  A white imp (D:5)
  An adder skeleton (D:5)
  A worm (D:3)
  2 dart slugs
  6 orcs
  5 endoplasms
  3 giant cockroaches
  8 goblins
  4 hobgoblins
  4 jackals
  3 kobolds
  3 quokkas
  6 ball pythons
  6 bats
  A frilled lizard (D:1)
  5 rats
109 creatures vanquished.

Vanquished Creatures (collateral kills)
  2 gnolls (D:5)
2 creatures vanquished.

Grand Total: 111 creatures vanquished

Notes
Turn   | Place    | Note
-------+----------+-------------------------------------------
     0 | D:1      | Sweetruy1997 the Hill Orc Monk began the quest for the Orb.
     0 | D:1      | Reached XP level 1. HP: 19/19 MP: 1/1
   219 | D:1      | Reached XP level 2. HP: 25/27 MP: 2/2
   613 | D:1      | Found a faded altar of an unknown god.
   946 | D:2      | Reached XP level 3. HP: 4/33 MP: 3/3
  1525 | D:2      | Reached skill level 5 in Axes
  1773 | D:2      | Reached XP level 4. HP: 37/40 MP: 4/4
  1808 | D:2      | Reached skill level 1 in Armour
  2979 | D:3      | Reached XP level 5. HP: 46/46 MP: 5/5
  2981 | D:3      | Reached skill level 6 in Axes
  3066 | D:3      | Noticed Jessica
  3072 | D:3      | Killed Jessica
  3131 | D:3      | Reached skill level 7 in Axes
  3466 | D:3      | Reached XP level 6. HP: 52/52 MP: 6/6
  3546 | D:3      | Reached skill level 1 in Throwing
  3618 | D:3      | Learned a level 1 spell: Magic Dart
  3895 | D:4      | Reached skill level 8 in Axes
  4057 | D:4      | Reached XP level 7. HP: 42/59 MP: 4/7
  4670 | D:4      | Learned a level 1 spell: Summon Small Mammal
  5064 | D:5      | Entered Level 5 of the Dungeon
  5186 | D:5      | Reached skill level 1 in Conjurations
  5236 | D:5      | Noticed Blork the orc
  5254 | D:5      | Killed Blork the orc
  5255 | D:5      | Reached skill level 1 in Spellcasting
  5758 | D:5      | Reached skill level 9 in Axes
  5758 | D:5      | Reached skill level 1 in Summonings
  5758 | D:5      | Reached XP level 8. HP: 66/66 MP: 7/11
  5761 | D:5      | Learned a level 2 spell: Call Imp
  6397 | D:5      | Noticed Pikel
  6403 | D:5      | Killed Pikel
  6404 | D:5      | Reached skill level 10 in Axes
  6483 | D:5      | Noticed Ijyb
  6531 | D:5      | Killed Ijyb
  7031 | D:6      | Reached XP level 9. HP: 71/71 MP: 14/14
  7174 | D:6      | Found a staircase to the Ecumenical Temple.
  7321 | D:6      | Reached skill level 1 in Evocations
  7523 | D:6      | HP: 3/71 [centaur/arrow (6)]
  7524 | D:6      | Shot with an arrow by a centaur

Illustrated notes

Levels and vault maps discovered:
D:1:      dpeg_arrival_pits, layout_rooms, shapermc_ecumenical_altar_venn
D:2:      layout_basic
D:3:      minmay_general_purpose_star, layout_loops_corners,
          minmay_quadrilaterals, uniq_jessica
D:4:      layout_basic
D:5:      layout_loops_ring, kennysheep_diamond, uniq_ijyb, uniq_blork_the_orc,
          uniq_pikel
D:6:      layout_loops_ring, minmay_temple_entry_statues, centaur_isle

Skill      XL: |  1  2  3  4  5  6  7  8  9 |
---------------+----------------------------+-----
Fighting       | 4 |  4.0
Axes           | 5 7 8 9 10 | 10.7
Armour         | 1 |  1.7
Stealth        | 2 |  2.0
Dodging        | 3 |  3.0
Throwing       | 2 |  2.6
Conjurations   | 2 3 |  3.5
Spellcasting   | 2 3 |  3.7
Summonings     | 1 2 |  2.9
Evocations     | 1 |  1.0

Action                   |  1- 3 |  4- 6 |  7- 9 || total
-------------------------+-------+-------+-------++-------
Melee: Hand axe          |    91 |   126 |   229 ||   446
       Punch             |     2 |     3 |     5 ||    10
Throw: Boomerang         |       |    31 |       ||    31
 Cast: Magic Dart        |       |     5 |    81 ||    86
       Summon Small Mamm |       |       |     5 ||     5
       Call Imp          |       |       |     8 ||     8
Evoke: Wand              |       |       |     5 ||     5
  Use: Scroll            |       |     5 |     2 ||     7
       Potion            |       |       |     2 ||     2
 Stab: Sleeping          |     3 |     2 |       ||     5
Armor: Robe              |     5 |       |    28 ||    33
       Leather armour    |    13 |    32 |    13 ||    58
       Ring mail         |       |       |    31 ||    31
Dodge: Dodged            |    61 |    91 |   170 ||   322

Table legend: (Time is in decaauts)
 A = Elapsed time spent in this place.
 B = Non-inter-level travel time spent in this place.
 C = Inter-level travel time spent in this place.
 D = Time resting spent in this place.
 E = Time spent auto-exploring this place.
 F = Levels seen in this place.
 G = Mean time per level.
                   A        B        C        D        E       F      G
               +--------+--------+--------+--------+--------+-----+--------+
         Total |   7500 |   7372 |    128 |   1422 |   4841 |   6 | 1250.0 |
       Dungeon |   7500 |   7372 |    128 |   1422 |   4841 |   6 | 1250.0 |
               +--------+--------+--------+--------+--------+-----+--------+

Top non-repeatable levels by time:
     D:5: 1770 daAuts
     D:3: 1603 daAuts
     D:2: 1394 daAuts
     D:4: 1380 daAuts
     D:1: 818 daAuts
     D:6: 534 daAuts
